 Dungeon Crawl Stone Soup version 0.30-a0-331-g8ab09dc110 (webtiles) character file.

Game seed: 6259041218646965538

590 Muataran the Trooper (level 7, 0/64 HPs)
             Began as a Minotaur Fighter on Oct 29, 2022.
             Was an Initiate of Qazlal.
             Succumbed to a gnoll's poison
             ... on level 5 of the Dungeon.
             The game lasted 00:06:12 (3935 turns).

Muataran the Trooper (Minotaur Fighter)             Turns: 3935, Time: 00:06:13

Health: 0/64       AC:  9    Str: 23    XL:     7   Next: 15%
Magic:  7/7        EV:  9    Int:  5    God:    Qazlal [......]
Gold:   258        SH:  4    Dex:  9    Spells: 6/6 levels left

rFire   . . .      SeeInvis .    a - +0 long sword
rCold   . . .      Faith    .    c - +0 buckler
rNeg    . . .      Spirit   .    b - +0 scale mail
rPois   .          Reflect  .    (helmet restricted)
rElec   .          Harm     .    (no cloak)
rCorr   .          Rampage  .    l - +0 pair of gloves
Will    .....                    k - +0 pair of boots
Stlth   ..........               (no amulet)
HPRegen 0.30/turn                (no ring)
MPRegen 0.10/turn                (no ring)

@: mighty, lethally poisoned (0 -> -29)
A: horns 2, retaliatory headbutt
a: Renounce Religion


You were on level 5 of the Dungeon.
You worshipped Qazlal.
Qazlal was noncommittal.
You visited 1 branch of the dungeon, and saw 5 of its levels.

You collected 258 gold pieces.

Inventory:

Hand Weapons
 a - a +0 long sword (weapon)
Armour
 b - a +0 scale mail (worn)
 c - a +0 buckler (worn)
 k - a +0 pair of boots (worn)
 l - a +0 pair of gloves (worn)
 r - a +1 leather armour of fire resistance
Jewellery
 i - a ring of protection from fire
Wands
 q - a wand of iceblast (2)
Scrolls
 g - 2 scrolls of enchant weapon {unknown}
 j - 2 scrolls of fog {unknown}
 m - a scroll of teleportation {unknown}
 o - a scroll of identify {unknown}
 p - a scroll of torment {unknown}
 s - a scroll of immolation {unknown}
Potions
 d - a potion of might
 e - 6 potions of curing
 f - a potion of lignification {unknown}
 h - a potion of heal wounds {unknown}
 n - a potion of degeneration {unknown}


   Skills:
 * Level 6.7 Fighting
 + Level 4.6 Long Blades
 + Level 5.3 Armour
 - Level 5.0 Shields
 + Level 2.2 Invocations


You had 6 spell levels left.
You didn't know any spells.
Your spell library contained the following spells:

 Spells                   Type           Power      Damage    Failure   Level
 Frozen Ramparts          Ice            0%         1d1       99%         3
 Ice Form                 Ice/Tmut       0%         N/A       100%        4
 Summon Ice Beast         Ice/Summ       0%         N/A       100%        4


Dungeon Overview and Level Annotations

Branches:
Dungeon (5/15)
 Temple: D:4-7

Altars:
Ashenzari
Okawaru
Qazlal
Ru


Innate Abilities, Weirdness & Mutations

You have a pair of horns on your head.
You reflexively headbutt those who attack you in melee.


Message History

You headbutt the gnoll bouda.
The gnoll bouda is lightly wounded.
Your attacks no longer feel as feeble.
You feel very sick. The gnoll closely misses you.
The gnoll bouda hits you with a +0 whip.
The gnoll hits you from afar with a +1 spear of venom.
You are more poisoned.
You block the gnoll's attack.
You are too injured to fight recklessly!
You are too injured to fight recklessly!
You slash the gnoll bouda!
The gnoll bouda is severely wounded.
You feel very sick. The gnoll barely misses you.
You barely miss the gnoll.
You feel very sick. The gnoll hits you but does no damage.
You are lethally poisoned!
The gnoll hits you but does no damage.
The gnoll bouda utters an invocation to its god.
The gnoll bouda is healed somewhat.
You closely miss the gnoll.
* * * LOW HITPOINT WARNING * * *
You feel very sick.
The gnoll hits you from afar with a +1 spear of venom.
* * * LOW HITPOINT WARNING * * *
You are more poisoned.
The gnoll barely misses you. The gnoll bouda closely misses you.
The gnoll hits you but does no damage.
You feel very mighty all of a sudden.
* * * LOW HITPOINT WARNING * * *
You feel very sick. The gnoll closely misses you.
The gnoll bouda hits you with a +0 whip.
* * * LOW HITPOINT WARNING * * *
The gnoll hits you but does no damage.
You are more poisoned.
You feel mightier all of a sudden.
You die...

...#####.............
.......#.......).....
##...............#...
.................#
.................#
.................#
.................#
..........###...##
.....$.##@g.......
$.#...# #g).>..... #
#### ##.g.....
....... .......
....... .......
....?..


You could see a gnoll bouda and 2 gnolls.

Vanquished Creatures
  2 phantoms (D:5)
  2 scorpions (D:4)
  An orc priest (D:3)
  Ijyb (D:4)
  Natasha (thrice) (D:3)
  An orc wizard (D:4)
  6 gnolls
  3 adders
  An ufetubus (D:4)
  3 worms
  A dart slug (D:2)
  5 orcs
  7 bats
  7 endoplasms
  4 giant cockroaches
  3 goblins
  9 hobgoblins
  7 jackals
  2 quokkas (D:1)
  6 ball pythons
  4 frilled lizards
  2 kobolds
  3 rats
83 creatures vanquished.

Vanquished Creatures (others)
  2 fungi (D:3)
2 creatures vanquished.

Grand Total: 85 creatures vanquished

Notes
Turn   | Place    | Note
-------+----------+-------------------------------------------
     0 | D:1      | Muataran the Minotaur Fighter began the quest for the Orb.
     0 | D:1      | Reached XP level 1. HP: 19/19 MP: 0/0
   136 | D:1      | Reached XP level 2. HP: 26/27 MP: 1/1
   145 | D:1      | Reached skill level 4 in Fighting
   295 | D:1      | Reached XP level 3. HP: 33/33 MP: 2/2
   970 | D:2      | Reached XP level 4. HP: 38/41 MP: 3/3
  1473 | D:3      | Found a stormy altar of Qazlal.
  1560 | D:3      | Became a worshipper of Qazlal Stormbringer
  1588 | D:3      | Noticed Natasha
  1595 | D:3      | Killed Natasha
  1596 | D:3      | Reached skill level 5 in Fighting
  1793 | D:3      | Noticed Natasha
  1801 | D:3      | Killed Natasha
  1802 | D:3      | Reached XP level 5. HP: 43/48 MP: 4/4
  2003 | D:3      | Found a stormy altar of Qazlal.
  2003 | D:3      | Noticed Natasha
  2008 | D:3      | Killed Natasha
  2514 | D:4      | Found an iron altar of Okawaru.
  2843 | D:4      | Found a broken altar of Ashenzari.
  2859 | D:4      | Reached skill level 1 in Invocations
  3015 | D:4      | Noticed Ijyb
  3042 | D:4      | HP: 2/50 [orc/+0 mace (2)]
  3210 | D:3      | Reached XP level 6. HP: 42/57 MP: 5/5
  3276 | D:4      | Killed Ijyb
  3351 | D:4      | Reached skill level 6 in Fighting
  3351 | D:4      | Reached skill level 5 in Shields
  3441 | D:4      | Reached skill level 5 in Armour
  3651 | D:4      | Found a sacrificial altar of Ru.
  3869 | D:5      | Entered Level 5 of the Dungeon
  3907 | D:5      | Reached XP level 7. HP: 63/64 MP: 7/7
  3935 | D:5      | Succumbed to a gnoll's poison

Illustrated notes

Levels and vault maps discovered:
D:1:      ebering_trefoil_twist, layout_basic
D:2:      minmay_chambers_of_twos, layout_basic, minmay_split_cup_large
D:3:      layout_loops_ring, mainiacjoe_overflow_boulevard, minmay_ruptured,
          uniq_natasha
D:4:      layout_basic, kennysheep_little_box, okawaru_ov_weapons_minmay,
          cheibrodos_ashenzari_chains, uniq_ijyb
D:5:      layout_rooms, nemelex_dance_club_becter, lemuel_tele_altar,
          uniq_grinder

Skill      XL: |  1  2  3  4  5  6 |
---------------+-------------------+-----
Fighting       | 4 5 6 |  6.7
Armour         | 4 5 |  5.3
Shields        | 4 5 |  5.0
Long Blades    | 3 4 |  4.6
Invocations    | 1 2 |  2.2

Action                   |  1- 3 |  4- 6 |  7- 9 || total
-------------------------+-------+-------+-------++-------
Melee: Long sword        |    85 |   148 |     8 ||   241
       Headbutt          |    12 |    23 |     1 ||    36
  Use: Potion            |       |     1 |     2 ||     3
Armor: Scale mail        |    51 |    70 |     8 ||   129
Dodge: Dodged            |    43 |    60 |     8 ||   111
Block: Buckler           |    21 |    22 |     4 ||    47

Table legend: (Time is in decaauts)
 A = Elapsed time spent in this place.
 B = Non-inter-level travel time spent in this place.
 C = Inter-level travel time spent in this place.
 D = Time resting spent in this place.
 E = Time spent auto-exploring this place.
 F = Levels seen in this place.
 G = Mean time per level.
                   A        B        C        D        E       F      G
               +--------+--------+--------+--------+--------+-----+--------+
         Total |   4008 |   3867 |    141 |    513 |   2787 |   5 |  801.6 |
       Dungeon |   4008 |   3867 |    141 |    513 |   2787 |   5 |  801.6 |
               +--------+--------+--------+--------+--------+-----+--------+

Top non-repeatable levels by time:
     D:3: 1469 daAuts
     D:4: 1173 daAuts
     D:2: 683 daAuts
     D:1: 612 daAuts
     D:5: 70 daAuts
